AoeStats
← [Massa] Edo

Arena

508801166Analyzed
2v2 RM · 7d ago on Sep 24, 2026· 55m 53s· 4 players
Game mode
Random Map
Map size
Medium (4 player)
Population
200
Speed
Normal
Resources
Standard
Victory
Conquest
Starting age
Dark Age
Ending age
Imperial Age
RankedLock teamsTeams togetherTeam positionsShared explorationLock speedFull tech treeHidden civsTurbo modeCheats
Victory
Defeat
🇧🇷 Saxons · Brazil
1446
+13
🇧🇷 Britons · Brazil
1431
+14
🇦🇷 Wei · Argentina
1421
-15
🇦🇷 Saracens · Argentina
1352
-12
17Brunaska
9:28 Feudal Age
14:00 Castle Age
12:37 Double-Bit Axe
15:28 Horse Collar
21:06 Wheelbarrow
20:38 Town Watch
21:54 Crossbowman
23:25 Bow Saw
24:11 Heavy Plow
24:54 Fletching
25:04 Padded Archer Armor
26:41 Thumb Ring
26:34 Bodkin Arrow
26:54 Leather Archer Armor
28:38 Ballistics
30:55 Imperial Age
30:58 Arbalester
32:17 Ring Archer Armor
31:47 Bracer
32:54 Chemistry
32:59 Gold Mining
32:59 Stone Mining
33:57 Scale Barding Armor
35:40 Loom
39:13 Hand Cart
39:57 Conscription
39:18 Elite Mameluke
40:51 Gold Shaft Mining
52:03 Husbandry
53:04 Bloodlines
52:14 Light Cavalry
Lord San
10:51 Feudal Age
14:43 Castle Age
12:34 Double-Bit Axe
13:04 Horse Collar
13:38 Gold Mining
17:21 Bow Saw
17:12 Heavy Plow
20:47 Heavy Plow
20:34 Loom
22:05 Wheelbarrow
22:03 Town Watch
23:01 Stone Mining
23:47 Gold Shaft Mining
23:58 Hand Cart
24:23 Stone Shaft Mining
26:08 Scale Barding Armor
26:14 Forging
27:24 Chain Barding Armor
29:28 Iron Casting
36:50 Imperial Age
36:08 Bloodlines
35:58 Husbandry
38:35 Blast Furnace
38:05 Conscription
38:54 Crop Rotation
38:55 Tuntian
39:21 Ming Guang Armor
39:34 Hoardings
39:17 Elite Tiger Cavalry
40:54 Caravan
41:24 Coinage
41:56 Coinage
42:16 Masonry
42:27 Ballistics
43:07 Chemistry
43:52 Banking
48:16 Light Cavalry
50:50 Fletching
51:00 Padded Archer Armor
51:10 Elite Skirmisher
51:56 Thumb Ring
51:24 Hussar
52:40 Leather Archer Armor
[Massa] Edo
11:42 Feudal Age
15:40 Castle Age
13:30 Double-Bit Axe
14:01 Horse Collar
15:12 Gold Mining
20:50 Ballistics
20:30 Fletching
20:59 Loom
21:39 Bodkin Arrow
22:53 Padded Archer Armor
24:12 Leather Archer Armor
25:48 Bow Saw
27:06 Yeomen
32:30 Imperial Age
33:36 Conscription
34:01 Wheelbarrow
35:45 Bracer
37:50 Chemistry
38:33 Ring Archer Armor
38:04 Murder Holes
42:41 Two-Man Saw
41:42 Heavy Plow
41:35 Stone Mining
43:23 Hand Cart
44:17 Gold Shaft Mining
44:39 Siege Engineers
45:17 Warwolf
45:18 Elite Longbowman
47:37 Caravan
49:18 Forging
49:09 Scale Mail Armor
50:03 Pikeman
50:44 Squires
50:29 Arson
51:20 Gambesons
52:01 Chain Mail Armor
52:07 Halberdier
53:33 Plate Mail Armor
53:38 Iron Casting
tg
11:50 Feudal Age
12:54 Double-Bit Axe
12:49 Horse Collar
15:49 Castle Age
16:51 Heavy Plow
17:02 Bow Saw
23:26 Wheelbarrow
24:58 Hand Cart
25:21 Gold Mining
25:21 Stone Mining
25:18 Loom
28:43 Coinage
31:02 Imperial Age
29:59 Scale Mail Armor
31:28 Gold Shaft Mining
31:10 Chain Mail Armor
32:51 Two-Man Saw
32:22 Crop Rotation
31:36 Elite Varangian Guard
32:16 Squires
31:36 Pikeman
32:53 Plate Mail Armor
33:21 Conscription
32:28 Capped Ram
33:06 Treadmill Crane
33:32 Siege Engineers
33:37 Masonry
36:42 Banking
36:47 Forging
38:48 Ballistics
38:20 Fletching
39:41 Pikeman
41:00 Iron Casting
40:08 Shield Wall
40:10 Elite Hearth Troop
41:13 Halberdier
42:30 Hoardings
42:59 Siege Ram
45:44 Architecture
46:28 Guilds
47:25 Elite Skirmisher
49:08 Bodkin Arrow
49:13 Padded Archer Armor
50:15 Chemistry
50:06 Murder Holes
51:28 Bracer
51:43 Leather Archer Armor
52:08 Caravan
54:20 Ring Archer Armor
54:01 Scale Barding Armor
55:49 Arson
55:51 Gambesons
Connection lost

Rejoining the realm…

Still unreachable

The connection could not be restored.

Session expired

The server has moved on; the page needs a fresh start.